 Dungeon Crawl Stone Soup version 0.31-a0-217-g58bb5d79cf (webtiles) character file.

Game seed: 6415720773102465298

56 qw the Shooter (level 3, -10/29 HPs)
             Began as a Minotaur Hexslinger on July 2, 2023.
             Mangled by a gnoll
             ... wielding a +0 halberd
              (12 damage)
             ... on level 3 of the Dungeon.
             The game lasted 00:00:32 (1540 turns).

qw the Shooter (Minotaur Hexslinger)                Turns: 1540, Time: 00:00:32

Health: -10/29     AC:  5    Str: 16 (18) XL:     3   Next: 69%
Magic:  3/3        EV: 11    Int:  8 (10) God:
Gold:   90         SH:  0    Dex: 11 (14) Spells: 3/4 levels left

rFire   . . .        Y - +2 sling (flame)
rCold   . . .        (no shield)
rNeg    . . .        k - +0 ring mail
rPois   .            (helmet restricted)
rElec   .            (no cloak)
rCorr   .            (no gloves)
SInv    .            (no boots)
Will    .....        (no amulet)
Stlth   +            b - +6 ring of strength
HPRegen 0.24/turn    (no ring)
MPRegen 0.08/turn

%: no passive effects
@: about to teleport
A: horns 2, retaliatory headbutt
a: no special abilities


You were on level 3 of the Dungeon.
You visited 1 branch of the dungeon, and saw 3 of its levels.

You collected 90 gold pieces.


Innate Abilities, Weirdness & Mutations

You have a pair of horns on your head.
You reflexively headbutt those who attack you in melee.


   Skills:
 - Level 2.0 Fighting
 + Level 4.0 Ranged Weapons
 - Level 1.2 Armour
 - Level 2.1 Dodging
 - Level 1.0 Spellcasting
 - Level 2.0 Hexes


You had 3 spell levels left.
You knew the following spells:

 Your Spells              Type           Power      Damage    Failure   Level
a - Slow                  Hex            12%        N/A       32%         1

Your spell library contained the following spells:

 Spells                   Type           Power      Damage    Failure   Level
 Inner Flame              Hex/Fire       2%         N/A       83%         3
 Portal Projectile        Hex/Tloc       4%         N/A       83%         3
 Cause Fear               Hex            1%         N/A       97%         4

Inventory:

Hand Weapons
 Y - a +2 sling of flaming (weapon)
Armour
 k - a +0 ring mail (worn)
Jewellery
 b - a +6 ring of strength (left hand)
Scrolls
 c - a scroll of enchant armour
 g - a scroll of teleportation
Potions
 d - a potion of curing
 e - 2 potions of heal wounds
 i - a potion of lignification {unknown}

Dungeon Overview and Level Annotations

Branches:
Dungeon (3/15)

Altars:
Dithmenos

Annotations:
D:3 Sigmund


Message History

The ball python bites you but does no damage.
The ball python constricts you. The gnoll hits you with a +0 whip.
You shoot a sling bullet. The sling bullet hits the ball python.
The sling bullet burns the ball python.
You kill the ball python!
Sigmund the Dreaded comes into view.
He is wielding a +0 scythe of flaming.
The gnoll hits you with a +0 whip.
You shoot a sling bullet.
Sigmund shouts!
The sling bullet hits the gnoll!
The sling bullet burns the gnoll.
The gnoll is almost dead.
The gnoll closely misses you. The gnoll barely misses you.
Sigmund points at you and mumbles some strange words.
You resist with significant effort.
You shoot a sling bullet.
The sling bullet barely misses the gnoll.
The sling bullet barely misses the kobold.
The gnoll hits you with a +0 whip.
You shoot a sling bullet. The sling bullet hits the gnoll.
The sling bullet burns the gnoll.
You kill the gnoll!
Sigmund gestures at you while chanting. The magic dart hits you.
A frilled lizard comes into view.
Your Armour skill increases to level 1!
You shoot a sling bullet. The sling bullet hits the kobold.
The sling bullet burns the kobold.
You kill the kobold!
Sigmund gestures wildly while chanting.
Sigmund flickers and vanishes!
Deactivating autopickup; reactivate with Ctrl-A.
The gnoll hits you from afar with a +0 halberd!
The gnoll barely misses you.
1540 ||| READING 2 scrolls of teleportation.
As you read the scroll of teleportation, it crumbles to dust.
You feel strangely unstable.
A puff of flame appears from out of thin air!
The puff of flame misses you. The gnoll barely misses you.
The gnoll hits you from afar with a +0 halberd!
You die...

8. ## ..# . . .#l#
.##.# .#.#.# .....
.#.#.#{# ....
.#.#.#.#.# #g.
.#.#.#.#.#.#g#
.#.#.#.#.#.#@###
.#.#.#.#.#.#.#..#
#.#.#.#.#.#.#.#.#
#.#.#.#.#.#.#.......
#.#.#.#.#.#.#......
#.#.#.#.#.#..###..#
. #.#.#.#.#.#.# ..
#. #.#.#.#.#..# #
#.# #.#.#.#.#.#


You could see 2 gnolls and a frilled lizard.

Vanquished Creatures
  A gnoll (D:3)
  An adder (D:2)
  4 endoplasms (D:1)
  3 giant cockroaches
  4 goblins
  4 hobgoblins
  2 jackals (D:1)
  3 ball pythons
  5 bats
  3 frilled lizards
  3 kobolds
  4 rats
37 creatures vanquished.

Notes
Turn   | Place    | Note
-------+----------+-------------------------------------------
     0 | D:1      | qw the Minotaur Hexslinger began the quest for the Orb.
     0 | D:1      | Reached XP level 1. HP: 16/16 MP: 1/1
     0 | D:1      | 0 ||| qw: Version: 0.3-a-40-ge99b1a8
     0 | D:1      | 0 ||| qw: Game counter: 245
     0 | D:1      | 0 ||| qw: Melee chars always use a shield: true
     0 | D:1      | 0 ||| qw: God list: Okawaru
     0 | D:1      | 0 ||| qw: Allow faded altars: false
     0 | D:1      | 0 ||| qw: Do Orc after clearing Dungeon:15 true
     0 | D:1      | 0 ||| qw: Do second Lair branch before Depths: true
     0 | D:1      | 0 ||| qw: Lair rune preference: random
     0 | D:1      | 0 ||| qw: Goals: Normal
     0 | D:1      | 0 ||| PLANNING D:1-11
   180 | D:1      | Reached skill level 3 in Ranged Weapons
   180 | D:1      | Reached XP level 2. HP: 23/23 MP: 2/2
   918 | D:1      | 918 ||| UPGRADING to +0 ring mail.
   928 | D:1      | 928 ||| DROPPING +0 robe.
   929 | D:1      | 929 ||| READING scroll labelled NIXON HEMOIGU.
   930 | D:1      | 930 ||| READING 2 scrolls labelled CESYED NETZO.
   933 | D:1      | 933 ||| READING scroll labelled CYIT ESMETI.
   934 | D:1      | 934 ||| READING scroll labelled QOIQOI DOIH PUA.
   935 | D:1      | 935 ||| DRINKING 2 bubbling cyan potions.
   936 | D:1      | 936 ||| DROPPING scroll of poison.
  1167 | D:2      | Reached XP level 3. HP: 29/29 MP: 3/3
  1354 | D:2      | Reached skill level 4 in Ranged Weapons
  1479 | D:2      | 1479 ||| UPGRADING to +6 ring of strength.
  1480 | D:2      | 1480 ||| READING scroll labelled LON DULUNEMI.
  1481 | D:2      | 1481 ||| READING scroll labelled XESASTR UN ROKH.
  1482 | D:2      | 1482 ||| READING scroll labelled FOIP EDEGEZXADGH.
  1483 | D:2      | 1483 ||| READING scroll labelled OQOTO MOWNO.
  1484 | D:2      | 1484 ||| READING scroll labelled FEUVVI WUABOJ.
  1485 | D:2      | 1485 ||| READING scroll labelled UBYSON CEZAEPT.
  1486 | D:2      | 1486 ||| DRINKING 2 glowing sapphire potions.
  1487 | D:2      | 1487 ||| DRINKING 2 black potions.
  1488 | D:2      | 1488 ||| DROPPING potion of degeneration.
  1504 | D:3      | Found a shadowy altar of Dithmenos.
  1535 | D:3      | Noticed Sigmund
  1539 | D:3      | Reached skill level 1 in Armour
  1539 | D:3      | HP: 2/29 [gnoll/+0 halberd (7)]
  1540 | D:3      | 1540 ||| READING 2 scrolls of teleportation.
  1540 | D:3      | Mangled by a gnoll

Levels and vault maps discovered:
D:1:      co_arrival_square_in_a_square_in_a_square, layout_basic,
          serial_curves, eino_curves_04, eino_curves_03, eino_curves_02
D:2:      layout_rooms
D:3:      layout_basic, nicolae_ashenzari_skybound,
          eat_drink_and_be_merry_uskayaw, amcnicky_altar_gilded,
          grunt_dithmenos_smoke, shapermc_ecumenical_altar_mp_highgroup,
          minmay_misc_feat_chi, corexii_corridor_pit, uniq_sigmund, uniq_ijyb

Skill      XL: |  1  2  3 |
---------------+----------+-----
Ranged Weapons | 3 4 |  4.0
Fighting       | 2 |  2.0
Armour         | 1 |  1.2
Dodging        | |  2.1
Spellcasting   | |  1.0
Hexes          | |  2.0

Action                     || total
---------------------------++-------
   Fire: Sling             ||    97
    Use: Scroll            ||    11
         Potion            ||     3
 Armour: Robe              ||     3
         Ring mail         ||    10
  Dodge: Dodged            ||    31

Table legend:
 A = Non-vault XP
 B = Vault XP
 C = Vault XP percentage of total XP
 D = Non-vault monster count
 E = Vault monster count
 F = Vault count percentage of total count
                 A         B        C        D         E       F
            +---------+---------+-------+---------+---------+-------
      Total |      80 |       0 |   0.0 |      37 |       0 |   0.0
            +---------+---------+-------+---------+---------+-------
        D:1 |      34 |       0 |   0.0 |      21 |       0 |   0.0
        D:2 |      29 |       0 |   0.0 |      13 |       0 |   0.0
        D:3 |      17 |       0 |   0.0 |       3 |       0 |   0.0
            +---------+---------+-------+---------+---------+-------
